 Dungeon Crawl Stone Soup version 0.20-a0-830-g2c9a30d (webtiles) character file.

19037 Heskey the Warrior (level 12, -9/110 HPs)
             Began as a Barachian Fighter on Mar 6, 2017.
             Was a Priest of Uskayaw.
             Mangled by a white ugly thing (13 damage)
             ... on level 12 of the Dungeon.
             The game lasted 00:40:56 (16259 turns).

Heskey the Warrior (Barachian Fighter)             Turns: 16259, Time: 00:40:57

Health: -9/110     AC: 19    Str: 21    XL:     12   Next: 64%
Magic:  0/12       EV:  7    Int: 10    God:    Uskayaw [***...]
Gold:   249        SH: 12    Dex: 12    Spells: 11/11 levels left

rFire    + + .     SeeInvis .   e - +1 scimitar (flame)
rCold    . . .     Gourm    .   a - +0 chain mail {rF+}
rNeg     . . .     Faith    .   c - +1 shield
rPois    +         Spirit   +   (no helmet)
rElec    .         Reflect  .   B - +2 cloak {MR+}
rCorr    +         Harm     .   A - +0 pair of gloves
MR       +....                  (no boots)
Stlth    ..........             z - amulet of guardian spirit
Regen    0.3/turn               v - ring of resist corrosion
MPRegen  0.2/turn               q - ring of protection from fire

@: lethally poisoned (-9 -> -9), slow
A: +LOS, swims, thin metallic scales 1, mutation resistance 1, poison
resistance, slowness 1, strong legs 1
a: Hop, Stomp, Line Pass, Renounce Religion


You were on level 12 of the Dungeon.
You worshipped Uskayaw.
Uskayaw was noncommittal.
You were not hungry.

You visited 1 branch of the dungeon, and saw 12 of its levels.

You collected 507 gold pieces.
You spent 258 gold pieces at shops.

Inventory:

Hand Weapons
 e - a +1 scimitar of flaming (weapon)
 C - a +3 great sword
Armour
 a - a +0 chain mail of fire resistance (worn)
 c - a +1 shield (worn)
 A - a +0 pair of gloves (worn)
 B - a +2 cloak of magic resistance (worn)
Jewellery
 q - a ring of protection from fire (left hand)
 v - a ring of resist corrosion (right hand)
 z - an amulet of guardian spirit (around neck)
Wands
 b - a wand of clouds (4/9)
 o - a wand of acid (8/15)
 w - a wand of flame (28/48)
 x - a wand of confusion (21/48)
Scrolls
 d - a scroll of enchant armour
 g - 2 scrolls of amnesia
 j - a scroll of fog
 k - 4 scrolls of identify
 l - 4 scrolls of remove curse
 n - a scroll of recharging
 y - a scroll of immolation {unknown}
 D - a scroll of random uselessness {unknown}
Potions
 s - a potion of cancellation
Comestibles
 f - 10 bread rations
 m - 7 meat rations
 p - 15 fruits
 t - 6 royal jellies


   Skills:
 * Level 15.5 Fighting
 + Level 11.6 Long Blades
 + Level 11.9 Armour
 - Level 9.1 Shields


You had 11 spell levels left.
You didn't know any spells.

Dungeon Overview and Level Annotations

Branches:
Dungeon (12/15)            Temple (0/1) D:5            Lair (0/6) D:8
    Orc (0/2) D:12

Altars:
Dithmenos
Elyvilon
Fedhas
Gozag
Kikubaaqudgha
Nemelex Xobeh
Okawaru
Ru
Sif Muna
Uskayaw
Vehumet
Wu Jian
Xom
Yredelemnul
The Shining One

Shops:
D:4 }   D:10 [

Annotations:
D:7 YrmMerkstave's ghost, novice DsCK


Innate Abilities, Weirdness & Mutations

Shadows flee at your approach. (+LOS)
You can swim through water.
You cover ground slowly.
You can hop short distances.
You are partially covered in thin metallic scales. (AC +2)
You are somewhat resistant to further mutation.
Your system is resistant to poisons. (rPois)


Message History

The worker ant bites you but does no damage.
You block the komodo dragon's attack. The orc wizard closely misses you.
You feel sick. The worker ant bites you.
* * * LOW HITPOINT WARNING * * *
You can no longer merge with and destroy a victim.
The orc wizard mumbles some strange words.
The orc wizard blinks!
The white ugly thing tail-slaps you.
* * * LOW HITPOINT WARNING * * *
The white ugly thing freezes you!!
* * * LOW HITPOINT WARNING * * *
The worker ant closely misses you.
You feel sick.
The worker ant bites you but does no damage.
You block the white ugly thing's attack.
There is an escape hatch in the ceiling here.
The worker ant closely misses you. The white ugly thing tail-slaps you.
* * * LOW HITPOINT WARNING * * *
The white ugly thing freezes you!
You die...

. .. ## ...###.......) ..
..####.# ....#....).... ...
##..#...###.#........#... ..#
...#........#.........[.....
..#......#......#...............#
.#...##...<...#..............#.##
.............#...................
.................................
..........(.....@................
................au...............
.................l...............
..............(((............>...
......#......###..))o†)..........
.......##...####..!..............
..###.########...................
..##...# #................#...
.####.## ##...................


You could see a white ugly thing, a komodo dragon, a worker ant and an orc
wizard.

Vanquished Creatures
  Erolcha (D:9)
  A hydra (D:11)
  2 two-headed ogres
  Erica (D:8)
  3 skeletal warriors (D:11)
  2 unseen horrors
  A mana viper (shapeshifter) (D:9)
  A cyclops (D:11)
  An ugly thing (D:11)
  3 manticores
  A komodo dragon (D:11)
  A troll (D:12)
  Prince Ribbit (D:8)
  2 dream sheep (D:11)
  2 hippogriffs
  Eustachio (D:5)
  A vampire (D:12)
  A wraith (D:10)
  13 yaks
  2 humans (D:8)
  A hungry ghost (D:10)
  A steam dragon (D:12)
  Duvessa (D:5)
  2 ice beasts
  5 orc warriors
  5 phantoms
  A black bear (D:6)
  3 sky beasts
  An eye of draining (D:11)
  9 ogres
  4 centaurs
  The ghost of Azzok the Firebug, an amateur GrFE (D:3)
  3 big kobolds (D:11)
  8 bullfrogs
  A gnoll sergeant (D:8)
  Dowan (D:5)
  A wyvern skeleton (D:7)
  3 scorpions
  3 howler monkeys
  10 wights
  3 crimson imps
  4 centaur zombies
  A quasit (D:6)
  3 bullfrog zombies
  2 centaur skeletons
  4 jellies
  9 hounds
  8 orc priests
  2 bullfrog skeletons
  14 orc wizards
  Ijyb (D:3)
  5 iguanas
  8 worker ants
  A hound zombie (D:11)
  2 howler monkey zombies
  2 worker ant zombies
  17 adders
  5 shadow imps
  4 oozes
  3 adder skeletons
  4 adder zombies
  2 worms
  2 leopard geckos
  73 orcs
  4 bats (D:3)
  4 giant cockroaches
  11 goblins
  4 hobgoblins
  8 jackals
  5 kobolds
  9 quokkas
  A ball python (D:2)
  2 frilled lizards
  A jackal zombie (D:3)
  2 leopard gecko skeletons (D:3)
  2 quokka skeletons
  5 rats
342 creatures vanquished.

Vanquished Creatures (others)
  An orc (D:6)
  4 plants (D:11)
5 creatures vanquished.

Grand Total: 347 creatures vanquished

Notes
Turn   | Place    | Note
-------+----------+-------------------------------------------
     0 | D:1      | Heskey the Barachian Fighter began the quest for the Orb.
     0 | D:1      | Reached XP level 1. HP: 18/18 MP: 1/1
   423 | D:1      | Reached XP level 2. HP: 25/25 MP: 2/2
   600 | D:2      | Reached skill level 4 in Fighting
   648 | D:2      | Reached XP level 3. HP: 30/30 MP: 3/3
  1325 | D:2      | Reached XP level 4. HP: 38/38 MP: 4/4
  1420 | D:3      | Noticed Ijyb
  1441 | D:3      | Killed Ijyb
  1518 | D:3      | Noticed Azzok's ghost (amateur GrFE)
  1563 | D:3      | Killed Azzok's ghost
  1563 | D:3      | Reached skill level 5 in Fighting
  1563 | D:3      | Reached XP level 5. HP: 35/44 MP: 5/5
  1766 | D:3      | Found a glowing golden altar of the Shining One.
  1838 | D:3      | Reached XP level 6. HP: 51/51 MP: 6/6
  1951 | D:3      | Found a white marble altar of Elyvilon.
  1952 | D:3      | Found a blossoming altar of Fedhas.
  1952 | D:3      | Found an ancient bone altar of Kikubaaqudgha.
  1954 | D:3      | Found a basalt altar of Yredelemnul.
  1957 | D:3      | Found a radiant altar of Vehumet.
  1960 | D:3      | Found a hide-covered altar of Uskayaw.
  1967 | D:3      | Became a worshipper of Uskayaw the Reveler
  2002 | D:3      | Reached * piety under Uskayaw
  2039 | D:3      | Reached ** piety under Uskayaw
  2244 | D:3      | Reached skill level 6 in Fighting
  2244 | D:3      | Reached skill level 5 in Armour
  2614 | D:3      | Found a shimmering altar of Xom.
  2755 | D:4      | Noticed a phantom
  2772 | D:4      | Reached *** piety under Uskayaw
  2778 | D:4      | Reached **** piety under Uskayaw
  3078 | D:4      | Reached XP level 7. HP: 59/59 MP: 7/7
  3095 | D:4      | Found Luguowuu's Gadget Emporium.
  3199 | D:4      | Found a shadowy altar of Dithmenos.
  3224 | D:4      | Reached skill level 5 in Shields
  3483 | D:4      | Found a sparkling altar of Nemelex Xobeh.
  3532 | D:4      | Reached skill level 7 in Fighting
  3532 | D:4      | Reached skill level 5 in Long Blades
  3633 | D:4      | Found a deep blue altar of Sif Muna.
  3736 | D:4      | Found an opulent altar of Gozag.
  3802 | D:5      | Entered Level 5 of the Dungeon
  4085 | D:5      | Noticed Eustachio
  4086 | D:5      | Gained mutation: You are partially covered in thin metallic scales. (AC +2) [potion of mutation]
  4086 | D:5      | Gained mutation: Your system is resistant to poisons. (rPois) [potion of mutation]
  4086 | D:5      | Gained mutation: You are somewhat resistant to further mutation. [potion of mutation]
  4133 | D:5      | Killed Eustachio
  4133 | D:5      | Reached XP level 8. HP: 45/68 MP: 8/8
  4415 | D:5      | Reached skill level 8 in Fighting
  4848 | D:5      | Found a staircase to the Ecumenical Temple.
  5299 | D:5      | Noticed Dowan
  5300 | D:5      | Noticed Duvessa
  5308 | D:5      | Killed Duvessa
  5312 | D:5      | Killed Dowan
  5312 | D:5      | Reached skill level 9 in Fighting
  5312 | D:5      | Reached XP level 9. HP: 66/76 MP: 9/9
  6714 | D:7      | Noticed YrmMerkstave's ghost (novice DsCK)
  6939 | D:6      | Reached skill level 10 in Fighting
  7064 | D:7      | Found an ornate altar of the Wu Jian Council.
  7382 | D:7      | Found a sacrificial altar of Ru.
  7596 | D:8      | Noticed Erica
  7613 | D:8      | HP: 3/79 [something/orb of energy (33)]
  7939 | D:8      | Found a staircase to the Lair.
  8128 | D:8      | Found an iron altar of Okawaru.
  8143 | D:8      | Reached XP level 10. HP: 61/86 MP: 7/10
  8364 | D:8      | Reached skill level 11 in Fighting
  8459 | D:8      | Noticed Prince Ribbit
  8487 | D:8      | Killed Prince Ribbit
  8546 | D:8      | Found a sparkling altar of Nemelex Xobeh.
  9191 | D:8      | Killed Erica
  9230 | D:9      | Noticed a mana viper
  9230 | D:9      | a hippogriff changed into a mana viper
  9250 | D:9      | Killed a mana viper
  9573 | D:9      | Reached skill level 12 in Fighting
  9623 | D:9      | Noticed a two-headed ogre
 10912 | D:9      | Noticed Erolcha
 10916 | D:9      | Killed Erolcha
 11072 | D:9      | Reached XP level 11. HP: 96/96 MP: 11/11
 11210 | D:9      | Killed a two-headed ogre
 11425 | D:9      | Killed an unseen horror
 11768 | D:10     | Entered Level 10 of the Dungeon
 11839 | D:10     | Noticed a two-headed ogre
 11848 | D:10     | Killed a two-headed ogre
 11848 | D:10     | Reached skill level 13 in Fighting
 11848 | D:10     | Reached skill level 10 in Armour
 11971 | D:10     | Reached skill level 10 in Long Blades
 12081 | D:10     | Reached ***** piety under Uskayaw
 12290 | D:10     | Found Wauhuzoics's Armour Shoppe.
 12298 | D:10     | Bought a +2 cloak of magic resistance for 258 gold pieces
 12526 | D:11     | Noticed a cyan ugly thing
 12534 | D:11     | Killed a cyan ugly thing
 12838 | D:11     | Noticed a manticore
 12846 | D:11     | Killed a manticore
 12944 | D:11     | Noticed a manticore
 12949 | D:11     | Killed a manticore
 13266 | D:11     | Noticed a skeletal warrior
 13283 | D:11     | Killed a skeletal warrior
 13283 | D:11     | Reached skill level 14 in Fighting
 13378 | D:11     | Killed an unseen horror
 13391 | D:11     | Noticed a skeletal warrior
 13391 | D:11     | Noticed a skeletal warrior
 13811 | D:11     | Killed a skeletal warrior
 13811 | D:11     | Reached XP level 12. HP: 36/107 MP: 3/12
 14731 | D:11     | Noticed a two-headed hydra
 14750 | D:11     | Killed a one-headed hydra
 15106 | D:11     | Reached skill level 15 in Fighting
 15809 | D:12     | Found a shadowy altar of Dithmenos.
 16226 | D:12     | Found a staircase to the Orcish Mines.
 16259 | D:12     | HP: 4/110 [white ugly thing (3)]
 16259 | D:12     | Mangled by a white ugly thing

Vault maps used:
D:1:      dpeg_arrival_chase
D:2:      kennysheep_generic_room_2
D:3:      kennysheep_the_goblin_king, lemuel_doored_altar, tso_metal_star,
          minitemple, serial_undead, serial_undead_f, serial_undead_b,
          serial_undead_a, serial_undead_b, serial_undead_d, serial_undead_b
D:4:      lemuel_round_altar, lemuel_coloured_pillars_altar,
          kennysheep_mini_moat, first_bread, serial_shops, shop,
          nemelex_dance_club_becter
D:5:      minmay_temple_entry_butterflies, uniq_eustachio, uniq_duvessa
D:7:      kennysheep_little_box, nicolae_overflow_crystal_walls, enter_bailey_2
D:8:      kennysheep_mini, okawaru_humans, lair_entry_dummy,
          uniq_prince_ribbit1, uniq_erica
D:9:      uniq_erolcha
D:10:     serial_shops, nicolae_shop_crystal
D:11:     hangedman_ranch, kennysheep_generic_room_11
D:12:     orc_0_dummy, nicolae_dithmenos_shadow_blocks

Skill      XL: |  1  2  3  4  5  6  7  8  9 10 11 12 |
---------------+-------------------------------------+-----
Fighting       | 4 5 6 7 9 10 12 14 15 | 15.5
Long Blades    | 3 4 5 6 7 9 10 11 | 11.6
Armour         | 4 5 7 8 9 11 | 11.9
Shields        | 4 5 6 7 8 9 |  9.1

Action                   |  1- 3 |  4- 6 |  7- 9 | 10-12 || total
-------------------------+-------+-------+-------+-------++-------
Melee: Long sword        |    69 |   227 |   428 |       ||   724
       Falchion          |       |       |   168 |   167 ||   335
       Scimitar          |       |       |       |   307 ||   307
       Great sword       |       |       |       |   226 ||   226
Invok: Stomp             |       |     1 |     1 |     1 ||     3
  Use: Scroll            |       |     7 |     5 |    10 ||    22
       Potion            |       |     8 |     8 |     8 ||    24
 Stab: Invisible         |       |     2 |       |       ||     2
       Paralysed         |       |     2 |    13 |    36 ||    51
  Eat: Chunk             |     1 |     6 |    14 |    10 ||    31
       Meat ration       |       |       |     1 |     3 ||     4
       Royal jelly       |       |       |     1 |       ||     1
       Bread ration      |       |       |       |     2 ||     2
Armor: Scale mail        |    26 |   102 |   211 |    43 ||   382
       Skin              |       |    11 |       |       ||    11
       Chain mail        |       |       |       |   393 ||   393
Dodge: Dodged            |    22 |    61 |   158 |   187 ||   428
Block: Shield            |    41 |   152 |   399 |   275 ||   867
       Rpst.: Long sword |    11 |    21 |    30 |       ||    62
       Falchion          |       |       |    14 |    14 ||    28
       Scimitar          |       |       |       |    15 ||    15
       Great sword       |       |       |       |    24 ||    24
